 Dungeon Crawl Stone Soup version 0.27.1-33-g824d729ab1 (webtiles) character file.

Game seed: 16099822423441279709

1037 Destapler the Spear-Bearer (level 8, -6/63 HPs)
             Began as a Merfolk Berserker on Dec 8, 2021.
             Was a Priest of Trog.
             Mangled by an unseen horror (10 damage)
             ... on level 6 of the Dungeon.
             The game lasted 00:16:28 (6550 turns).

Destapler the Spear-Bearer (Merfolk Berserker)      Turns: 6550, Time: 00:16:29

Health: -6/63      AC:  5    Str: 18    XL:     8   Next: 24%
Magic:  8/8        EV: 13    Int:  6    God:    Trog [***...]
Gold:   348        SH:  4    Dex: 15    Spells: 7/7 levels left

rFire    . . .     SeeInvis .   a - +0 spear (flame)
rCold    . . .     Faith    .   u - +0 buckler
rNeg     . . .     Spirit   .   p - +0 leather armour
rPois    .         Reflect  .   j - +1 helmet
rElec    .         Harm     .   (no cloak)
rCorr    .         Rampage  .   (no gloves)
Will     ++...                  (no boots)
Stlth    ++........             (no amulet)
HPRegen  1.20/turn              (no ring)
MPRegen  0.11/turn              (no ring)

@: strong-willed, regenerating
A: (nimble swimmer 2), mertail
a: Renounce Religion, Berserk, Trog's Hand


You were on level 6 of the Dungeon.
You worshipped Trog.
Trog was most pleased with you.
You visited 1 branch of the dungeon, and saw 6 of its levels.

You collected 348 gold pieces.

Inventory:

Hand Weapons
 a - a +0 spear of flaming (weapon)
 l - a +0 scythe of flaming
Missiles
 o - 5 poisoned darts (quivered)
Armour
 b - a +0 animal skin
 j - a +1 helmet (worn)
 p - a +0 leather armour (worn)
 u - a +0 buckler (worn)
Jewellery
 d - a +4 ring of slaying
Wands
 i - a wand of flame (12)
Scrolls
 g - 5 scrolls of identify
 h - a scroll of enchant armour
 k - a scroll of holy word {unknown}
 n - a scroll of magic mapping
Potions
 c - a potion of ambrosia
 e - a potion of heal wounds
 f - 2 potions of flight
 m - a potion of curing


   Skills:
 - Level 5.6 Fighting
 - Level 8.4 Polearms
 - Level 3.0 Armour
 - Level 5.9 Dodging
 - Level 3.0 Stealth
 + Level 1.0 Shields
 - Level 2.0 Evocations


You had 7 spell levels left.
You didn't know any spells.
Your spell library contained the following spells:

 Spells                   Type           Power      Damage    Failure   Level
 Ensorcelled Hibernation  Hex/Ice        0%         N/A       78%         2
 Call Canine Familiar     Summ           0%         N/A       95%         3
 Dazzling Flash           Conj/Hex       0%         N/A       95%         3
 Portal Projectile        Hex/Tloc       0%         N/A       95%         3
 Ice Form                 Ice/Tmut       0%         N/A       100%        4
 Iskenderun's Mystic Bla  Conj/Tloc      0%         2d3       100%        4
 Leda's Liquefaction      Hex/Erth       0%         N/A       100%        4
 Simulacrum               Ice/Necr       0%         N/A       100%        6
 Starburst                Conj/Fire      0%         6d3       100%        6
 Borgnjor's Revivificati  Necr           0%         N/A       100%        8
 Necromutation            Tmut/Necr      0%         N/A       100%        8
 Death's Door             Necr           0%         N/A       100%        9


Dungeon Overview and Level Annotations

Branches:
Dungeon (6/15)
 Temple: D:4-7

Altars:
Kikubaaqudgha
Qazlal
Xom
Yredelemnul
Zin


Innate Abilities, Weirdness & Mutations

((You are quick and stealthy near water. (Stealth+, EV+, Speed+++)))
Your lower body shifts to a powerful aquatic tail in water.


Message History

Trog accepts your kill.
Your Shields skill increases to level 1!
No target in view!
HP restored.
You now have 348 gold pieces (gained 17).
An ogre comes into view. It is wielding a +0 giant club.
Found a coppery potion and 13 gold pieces.
A centaur comes into view.
Found 3 gold pieces.
The ogre shouts!
The centaur shouts!
You hear a bark!
The centaur wields a +0 shortbow.
The centaur shoots an arrow.
You block the arrow. Something hits you.
Deactivating autopickup; reactivate with Ctrl-A.
You hear an angry hiss.
You hear a shout!
Something hits you. Something hits you but does no damage. Something hits you.
The centaur shoots an arrow.
The arrow misses you. Something hits you. Something completely misses you.
Something hits you!
The centaur shoots an arrow.
The arrow hits you! Something hits you.
* * * LOW HITPOINT WARNING * * *
The centaur shoots an arrow.
Something hits you.
* * * LOW HITPOINT WARNING * * *
The centaur shoots an arrow.
You block the arrow.
Your skin crawls.
You feel strong-willed. Something hits you but does no damage.
The centaur shoots an arrow.
The arrow hits you.
* * * LOW HITPOINT WARNING * * *
A hound comes into view.
Something hits you.
* * * LOW HITPOINT WARNING * * *
The centaur shoots an arrow.
The arrow hits you!
* * * LOW HITPOINT WARNING * * *
A centaur comes into view.
The centaur shoots an arrow.
The arrow hits you!
* * * LOW HITPOINT WARNING * * *
Something hits you!
You die...

... ####.......##
#...... ..###
##..###..# #......
#...## #..## ##.##
#......
###.#..####.###
##.####......
..............##
##..#.......
...............##
##......... #
....#.....#...#
###.......
#.###.#.###.#...#
##.......
#...O.#cc...#@..#
#...<....
#..!..#.....#.....##
#..#.....
#$###.#.###.#....##
#.##.....
..#.....#...## #.
##....
#..c..#.....## .
#.... #c###.#.....#
. ##... #. .#...#.#
#.. .. ....##.. ..
.....####


There were no monsters in sight!

Vanquished Creatures
  Sigmund (D:2)
  Purgy (D:4)
  2 sky beasts
  2 water moccasin zombies
  A bullfrog zombie (D:5)
  3 hounds
  2 iguanas
  3 scorpion zombies
  A hound zombie (D:4)
  4 hound skeletons
  Robin (D:2)
  7 adders
  A howler monkey skeleton (D:4)
  A shadow imp (D:5)
  An ufetubus (D:6)
  2 orcs
  10 endoplasms
  4 giant cockroaches (D:1)
  16 goblins
  3 hobgoblins
  7 jackals
  6 quokkas
  2 ball pythons
  6 bats
  6 frilled lizards
  6 kobolds
  2 rats
101 creatures vanquished.

Vanquished Creatures (others)
  6 fungi (D:2)
  9 plants (D:2)
  6 toadstools (D:4)
21 creatures vanquished.

Grand Total: 122 creatures vanquished

Notes
Turn   | Place    | Note
-------+----------+-------------------------------------------
     0 | D:1      | Destapler the Merfolk Berserker began the quest for the
                  | Orb.
     0 | D:1      | Reached XP level 1. HP: 18/18 MP: 1/1
   165 | D:1      | Reached XP level 2. HP: 24/24 MP: 2/2
  1394 | D:2      | Reached XP level 3. HP: 29/29 MP: 3/3
  1451 | D:2      | Noticed Robin
  1651 | D:2      | Noticed Sigmund
  1654 | D:2      | Reached ** piety under Trog
  1655 | D:2      | Reached skill level 5 in Polearms
  1694 | D:1      | HP: 1/30 [jackal (1)]
  1705 | D:1      | HP: 2/45 [jackal (1)]
  2101 | D:2      | Got the Tome of the Snowflakes
  2128 | D:2      | Found a faded altar of an unknown god.
  2272 | D:2      | Reached XP level 4. HP: 37/37 MP: 4/4
  2278 | D:2      | Killed Robin
  2829 | D:2      | Killed Sigmund
  2830 | D:2      | Reached skill level 6 in Polearms
  2830 | D:2      | Reached XP level 5. HP: 43/43 MP: 5/5
  2830 | D:2      | Reached XP level 6. HP: 49/49 MP: 6/6
  3157 | D:3      | Found a basalt altar of Yredelemnul.
  3331 | D:3      | Noticed a sky beast
  4167 | D:4      | Found a stormy altar of Qazlal.
  4168 | D:4      | Found a glowing silver altar of Zin.
  4203 | D:4      | Found an ancient bone altar of Kikubaaqudgha.
  4231 | D:4      | Reached skill level 1 in Stealth
  4285 | D:4      | Reached *** piety under Trog
  4465 | D:4      | Noticed Purgy
  4474 | D:4      | Killed Purgy
  4475 | D:4      | Reached skill level 5 in Dodging
  4475 | D:4      | Reached skill level 1 in Evocations
  4475 | D:4      | Reached XP level 7. HP: 55/55 MP: 7/7
  4542 | D:3      | Reached skill level 5 in Fighting
  4542 | D:3      | Reached skill level 7 in Polearms
  5080 | D:4      | Found a shimmering altar of Xom.
  5161 | D:5      | Entered Level 5 of the Dungeon
  5427 | D:5      | Reached skill level 8 in Polearms
  5427 | D:5      | Reached XP level 8. HP: 57/63 MP: 8/8
  6494 | D:6      | Reached skill level 1 in Shields
  6549 | D:6      | HP: 3/63 [centaur/arrow (9)]
  6550 | D:6      | Mangled by an unseen horror

Illustrated notes

Levels and vault maps discovered:
D:1:      minmay_arrival_glassed_features, layout_loops_ring,
          minmay_tetromino_s4
D:2:      layout_basic, shapermc_ecumenical_altar_mp_urbaneastern, uniq_sigmund,
          uniq_robin
D:3:      layout_loops_cross, mainiacjoe_overflow_brackets, kennysheep_potato
D:4:      layout_rooms, mainiacjoe_overflow_paths, lemuel_round_altar,
          mainiacjoe_overflow_catwalk_spiral, serial_undead, serial_undead_b,
          serial_undead_c, serial_undead_f, serial_undead_c,
          minmay_gold_behind_fungi, uniq_purgy
D:5:      layout_basic
D:6:      hangedman_cross_stitches, layout_layer_cave, minmay_crystal_water,
          minmay_misc_feat_more_columns, minmay_crystal_room,
          minmay_stone_trees_small, grunt_decor_fettered

Skill      XL: |  1  2  3  4  5  6  7  8 |
---------------+-------------------------+-----
Dodging        | 3 4 5 |  5.9
Polearms       | 5 6 8 |  8.4
Armour         | 2 3 |  3.0
Fighting       | 4 5 |  5.6
Stealth        | 1 2 3 |  3.0
Evocations     | 1 2 |  2.0
Shields        | 1 |  1.0

Action                   |  1- 3 |  4- 6 |  7- 9 || total
-------------------------+-------+-------+-------++-------
Melee: Spear             |   156 |    47 |    14 ||   217
       Scythe            |       |    77 |    87 ||   164
       Tailslap          |       |     5 |       ||     5
Throw: Dart              |       |     2 |       ||     2
Invok: Berserk           |     5 |     4 |     3 ||    12
       Trog's Hand       |       |     1 |     2 ||     3
  Use: Scroll            |     1 |     3 |    12 ||    16
 Stab: Sleeping          |     3 |     3 |     2 ||     8
Armor: Animal skin       |    17 |    32 |    28 ||    77
       Leather armour    |       |       |     4 ||     4
Dodge: Dodged            |    83 |   153 |    75 ||   311
Block: Buckler           |       |       |     4 ||     4
